Match 24936345
Unlisted

Match 24936345
End
Pioneer Squad
Construct Infanterie Kompanie
MG 42 Machine Gun Team
Sniper
Construct Panzergrenadier Kompanie
Panzergrenadier Squad
Panzergrenadier Squad
Selects Mechanized Battlegroup
Selects Raid Package
Selects 8 Rad Armored Car
8 Rad Armored Car
Medical Station
MG 42 Bunker
Construct Panzer Kompanie
Pak 40 Anti-tank Gun Team
Selects Spotting Scopes
Selects Wespe Self-propelled Artillery
Wespe Self-propelled Artillery
Pioneer Squad
Pak 40 Anti-tank Gun Team
Pak 40 Anti-tank Gun Team
Panzer IV Medium Tank
Stoßtruppen Squad
PawnEater
[NG]_Spjutbjorn_[swe]
SneaKerz
gb_gbg
0
0

Comments sign in to comment!

No comments posted yet!